 Dungeon Crawl Stone Soup version 0.29-a0-791-ga0f254aafb (webtiles) character file.

Game seed: 8395140971159823467

100 Garessta the Changer (level 4, -1/28 HPs)
             Began as an Octopode Transmuter on July 3, 2022.
             Was a Plaything of Xom.
             Killed from afar by a white imp (9 damage)
             ... with a puff of frost
             ... summoned by Xom
             ... on level 2 of the Dungeon.
             The game lasted 00:07:00 (2579 turns).

Garessta the Changer (Octopode Transmuter)          Turns: 2579, Time: 00:07:00

Health: -1/28      AC:  2    Str: 15    XL:     4   Next: 73%
Magic:  1/7        EV: 19    Int: 17    God:    Xom [...*..]
Gold:   123        SH:  0    Dex: 17    Spells: 1/7 levels left

rFire   . . .      SeeInvis .     - Unarmed
rCold   . . .      Faith    .   (shield currently unavailable)
rNeg    . . .      Spirit   .   (helmet currently unavailable)
rPois   .          Reflect  .   (no amulet)
rElec   .          Harm     .   h - ring of wizardry
rCorr   .          Rampage  .   c - +6 ring of strength
Will    .....                   l - ring of poison resistance
Stlth   ++........              (no ring)
HPRegen 0.09/turn               (no ring)
MPRegen 0.10/turn               (no ring)
                                (no ring)
                                (no ring)

@: spider-form, very slightly contaminated, hasted, very quick
A: venomous fangs, almost no armour, (amphibious), 8 rings, tiny, (camouflage
1), (gelatinous body 1), (nimble swimmer 1), (tentacles)
a: End Transformation, Renounce Religion


You were on level 2 of the Dungeon.
You worshipped Xom.
You were a favourite toy of Xom.
You were a venomous arachnid creature.
You visited 1 branch of the dungeon, and saw 2 of its levels.

You collected 123 gold pieces.

Inventory:

Jewellery
 c - a +6 ring of strength (right front leg)
 h - a ring of wizardry (left front leg)
 l - a ring of poison resistance (on tentacle)
Wands
 r - a wand of flame (16)
Scrolls
 b - 6 scrolls of identify {unknown}
 e - a scroll of magic mapping {unknown}
 g - a scroll of enchant weapon {unknown}
 k - a scroll of noise {unknown}
 m - 2 scrolls of vulnerability {unknown}
 p - a scroll of poison {unknown}
 t - a scroll of teleportation {unknown}
 u - a scroll of enchant armour {unknown}
Potions
 a - a potion of lignification
 d - 2 potions of ambrosia {unknown}
 f - 2 potions of attraction {unknown}
 i - 2 potions of curing {unknown}
 j - a potion of heal wounds {unknown}
 n - a potion of flight {unknown}
 o - a potion of brilliance {unknown}
 q - a potion of berserk rage {unknown}
 s - a potion of cancellation {unknown}


   Skills:
 - Level 1.0 Fighting
 - Level 2.0 Dodging
 - Level 3.0 Unarmed Combat
 + Level 2.3 Spellcasting
 * Level 3.5 Transmutations
 * Level 3.1 Poison Magic


You had one spell level left.
You knew the following spells:

 Your Spells              Type           Power      Damage    Failure   Level
a - Beastly Appendage     Tmut           26%        N/A       5%          1
b - Wereblood             Tmut           13%        N/A       8%          2
c - Spider Form           Tmut/Pois      13%        N/A       13%         3

Your spell library contained the following spells:

 Spells                   Type           Power      Damage    Failure   Level
 Magic Dart               Conj           8%         1d3       16%         1
 Call Imp                 Summ           2%         N/A       22%         2
 Mephitic Cloud           Conj/Pois/Air  5%         N/A       28%         3
 Ice Form                 Ice/Tmut       7%         N/A       50%         4


Dungeon Overview and Level Annotations

Branches:
Dungeon (2/15)

Altars:
Xom

Shops:
D:1 =


Innate Abilities, Weirdness & Mutations

You are a venomous arachnid creature.
You have poisonous fangs.
You are tiny and dextrous.
Your spellcasting is less reliable in this form.
Your armour is entirely melded.
You are incapable of wielding weapons or throwing items.
You cannot wear most types of armour.
((You are amphibious.))
You can wear up to eight rings at the same time.
((Your skin changes colour to match your surroundings (Stealth+).))
((Your rubbery body absorbs attacks. (AC +1, EV +1)))
((You are camouflaged when in or above water. (Stealth+)))
((You have tentacles for arms and can constrict up to eight enemies at once.))


Message History

Your tentacle spike disappears.
Found a stone staircase leading up.
There is a stone staircase leading up here.
You hear Xom's maniacal laughter.
Casting: Beastly Appendage (safe; 1% risk of failure)
Confirm with . or Enter, or press ? or * to list all spells.
The spell is quite dangerous to miscast (6% risk of failure)!
Continue anyway?
You miscast Spider Form.
You are very lightly contaminated with residual magic.
Nothing appears to happen.
The ufetubus hits you. x2
The white imp hits you but does no damage.
Casting: Spider Form (quite dangerous; 6% risk of failure)
Confirm with . or Enter, or press ? or * to list all spells.
The spell is quite dangerous to miscast (6% risk of failure)!
Continue anyway?
You turn into a venomous arachnid creature.
The ufetubus barely misses you. The ufetubus closely misses you.
The iron imp completely misses you. The ufetubus closely misses you.
The ufetubus hits you. The white imp misses you.
You hit the white imp.
The white imp is moderately wounded.
The ufetubus closely misses you. x2; The iron imp hits you!
* * * LOW HITPOINT WARNING * * *
A shower of butterflies erupts from you!
The ufetubus attacks as you move away! The ufetubus barely misses you.
The ufetubus closely misses you.
The ufetubus barely misses your butterfly.
The ufetubus closely misses your butterfly.
Okay, then.
You feel yourself speed up. The white imp completely misses you.
The ufetubus misses you. The ufetubus closely misses you.
You hit the iron imp.
The iron imp is lightly wounded.
The white imp closely misses you. The iron imp completely misses you.
The ufetubus hits you but does no damage.
The ufetubus completely misses you.
You hit the iron imp but do no damage.
The iron imp is poisoned.
The iron imp is lightly wounded.
The white imp gestures at you. The puff of frost hits you!
You die...

..........<##.#.#
#.###..######...####
...................##
######.###########..#
# ### ##.# # #.# #
#.## # ♣♣##..# #
♣♣s5...# # ♣P55...# #
♣.PPb.b## # ♣.♣bP..##
#### ♣♣♣♣♣### ...#
####


You could see an iron imp (summoned, very poisoned, ally target), a white imp
(summoned) and an ufetubus (summoned).

Vanquished Creatures
  4 gnolls (D:2)
  An adder (D:2)
  A dart slug (D:2)
  6 endoplasms
  A giant cockroach (D:2)
  8 goblins
  3 hobgoblins
  6 kobolds
  4 quokkas
  5 ball pythons (D:1)
  3 bats
  4 frilled lizards
  4 rats
50 creatures vanquished.

Notes
Turn   | Place    | Note
-------+----------+-------------------------------------------
     0 | D:1      | Garessta the Octopode Transmuter began the quest for the
                  | Orb.
     0 | D:1      | Reached XP level 1. HP: 13/13 MP: 3/3
    77 | D:1      | Reached skill level 1 in Poison Magic
   128 | D:1      | Reached XP level 2. HP: 18/18 MP: 3/5
   133 | D:1      | Learned a level 2 spell: Wereblood
   309 | D:1      | Found a faded altar of an unknown god.
   343 | D:1      | Prayed at the altar of an unknown god.
   343 | D:1      | Became a worshipper of Xom of Malevolent Giggling
   366 | D:1      | Found Taucliasm's Jewellery Boutique.
   587 | D:1      | XOM: silly message
   657 | D:1      | Reached XP level 3. HP: 20/23 MP: 4/6
   662 | D:1      | Learned a level 3 spell: Spider Form
  1029 | D:2      | XOM: stealth player
  1078 | D:2      | XOM: noise
  1079 | D:2      | XOM: smoke on damage
  1591 | D:2      | Reached XP level 4. HP: 19/28 MP: 1/7
  1600 | D:2      | XOM: smoke on damage
  1608 | D:2      | XOM: silly message
  1750 | D:1      | XOM: silly message
  1843 | D:2      | XOM: butterfly on damage
  2234 | D:2      | XOM is BORED!
  2572 | D:2      | XOM: summons 3 hostile demons
  2575 | D:2      | XOM: butterfly on damage
  2579 | D:2      | Killed from afar by a white imp

Illustrated notes

Levels and vault maps discovered:
D:1:      minmay_arrival_stair_chambers, layout_basic, serial_shops,
          nicolae_shop_hallway_plus, basic_ecumenical_altar, minmay_tall_x
D:2:      layout_basic, uniq_crazy_yiuf_cottage

Skill      XL: |  1  2  3  4 |
---------------+-------------+-----
Poison Magic   | 1 2 3 |  3.1
Transmutations | 3 |  3.5
Fighting       | |  1.0
Dodging        | |  2.0
Unarmed Combat | |  3.0
Spellcasting   | |  2.3

Action                   |  1- 3 |  4- 6 || total
-------------------------+-------+-------++-------
Melee: Unarmed           |    77 |    16 ||    93
       Kick              |    18 |       ||    18
       Constrict         |    18 |       ||    18
       Tentacles         |    11 |       ||    11
 Cast: Beastly Appendage |    26 |     1 ||    27
       Wereblood         |     3 |       ||     3
       Spider Form       |     3 |     4 ||     7
  Use: Potion            |       |     1 ||     1
 Stab: Sleeping          |     5 |       ||     5
Armor: Skin              |     1 |     2 ||     3
Dodge: Dodged            |    44 |    32 ||    76

Table legend: (Time is in decaauts)
 A = Elapsed time spent in this place.
 B = Non-inter-level travel time spent in this place.
 C = Inter-level travel time spent in this place.
 D = Time resting spent in this place.
 E = Time spent auto-exploring this place.
 F = Levels seen in this place.
 G = Mean time per level.
                   A        B        C        D        E       F      G
               +--------+--------+--------+--------+--------+-----+--------+
         Total |   2572 |   2548 |     24 |    215 |   1950 |   2 | 1286.0 |
       Dungeon |   2572 |   2548 |     24 |    215 |   1950 |   2 | 1286.0 |
               +--------+--------+--------+--------+--------+-----+--------+

Top non-repeatable levels by time:
     D:2: 1329 daAuts
     D:1: 1243 daAuts
